 Dungeon Crawl Stone Soup version 0.18.1-50-g88ac8fd (webtiles) character file.

151 Grimoiregrey the Skirmisher (level 5, -2/47 HPs)
             Began as a Hill Orc Fighter on Jan 18, 2018.
             Slain by Grinder (6 damage)
             ... while paralysed by Grinder
             ... on level 3 of the Dungeon.
             The game lasted 00:18:41 (1685 turns).

Grimoiregrey the Skirmisher (Hill Orc Fighter)      Turns: 1685, Time: 00:18:42

Health: -2/47      AC: 14    Str: 25    XL:     5   Next: 33%
Magic:  5/5        EV:  2    Int:  8    God:
Gold:   88         SH:  0    Dex: 10    Spells: 0 memorised, 4 levels left

rFire  . . .     SeeInvis .     a - +1 war axe
rCold  . . .     Gourm    .     m - +1 plate armour
rNeg   . . .     Faith    .     c - +0 shield
rPois  .         Spirit   .     (no helmet)
rElec  .         Dismiss  .     h - +0 cloak
rCorr  .         Reflect  .     (no gloves)
SustAt .         Harm     .     (no boots)
MR     .....                    (no amulet)
Stlth  ..........               (no ring)
                                (no ring)

@: paralysed, mighty, not resistant to hostile enchantments, extremely
unstealthy
A: no striking features
a: no special abilities


You were on level 3 of the Dungeon.
You were not hungry.

You visited 1 branch of the dungeon, and saw 3 of its levels.

You collected 88 gold pieces.

Inventory:

Hand Weapons
 a - a +1 war axe (weapon)
Missiles
 k - 21 poisoned needles
Armour
 b - a +1 scale mail
 c - a +0 shield (worn)
 h - a +0 cloak (worn)
 m - a +1 plate armour (worn)
Scrolls
 n - a scroll of noise
Potions
 e - a potion of mutation
 j - 2 potions of cancellation {unknown}
Books
 i - a Fen Folio

   Spells                             Type                      Level
   a - Corpse Rot                     Necromancy                   2
   b - Stone Arrow                    Conjuration/Earth            3
   c - Leda's Liquefaction            Hexes/Earth                  4
   d - Summon Forest                  Summoning/Translocation      5
   e - Hydra Form                     Transmutation                6
   f - Summon Hydra                   Summoning                    7
Comestibles
 f - 2 bread rations
 l - a royal jelly
 o - 4 fruits


   Skills:
 + Level 4.6 Fighting
 + Level 3.4 Axes
 + Level 4.1 Armour
 + Level 1.0 Dodging
 + Level 0.1 Stealth
 + Level 4.5 Shields


You had 4 spell levels left.
You didn't know any spells.

Dungeon Overview and Level Annotations

Branches:
Dungeon (3/15)

Altars:
Xom

Annotations:
D:3 Grinder


Message History

Grinder hits you.
* * * LOW HITPOINT WARNING * * *
You writhe in agony.
* * * LOW HITPOINT WARNING * * *
You block Grinder's attack. Grinder barely misses you.
You open the door. You block Grinder's attack.
There is an open door here.
Grinder gestures at you.
You suddenly lose the ability to move!
Grinder hits you.
* * * LOW HITPOINT WARNING * * *
You writhe in agony. x2
Grinder hits you but does no damage. Grinder gestures at you.
You resist with significant effort. Grinder hits you.
* * * LOW HITPOINT WARNING * * *
You writhe in agony.
You die...

#....####.........#
####.#.###
##.......#
#........#
##.....##
#.##.###.# ##...##
#.#...# .# ##'##
#.5....# # #.#
#......# #.#
#......# ##5##
#....... #.@.#
####.#### #.......#
#.# #.....####
......## ###...##
####


You could see Grinder.

Vanquished Creatures
  7 adders
  3 gnolls (D:3)
  A worm (D:3)
  3 dart slugs
  2 giant geckos
  5 orcs (D:3)
  4 bats
  7 hobgoblins
  2 jackals (D:1)
  2 giant newts
  3 goblins
  5 kobolds
  5 rats
49 creatures vanquished.

Notes
Turn   | Place    | Note
--------------------------------------------------------------
     0 | D:1      | Grimoiregrey the Hill Orc Fighter began the quest for the Orb.
     0 | D:1      | Reached XP level 1. HP: 19/19 MP: 1/1
   195 | D:1      | Found a shimmering altar of Xom.
   209 | D:1      | Reached XP level 2. HP: 27/27 MP: 2/2
   826 | D:2      | Reached XP level 3. HP: 23/33 MP: 3/3
   951 | D:2      | Reached XP level 4. HP: 17/40 MP: 4/4
  1402 | D:3      | Reached XP level 5. HP: 27/47 MP: 5/5
  1614 | D:3      | Reached skill level 1 in Dodging
  1619 | D:3      | Noticed Grinder
  1624 | D:3      | Paralysed by Grinder for 2 turns
  1629 | D:3      | Paralysed by Grinder for 4 turns
  1635 | D:3      | Paralysed by Grinder for 7 turns
  1650 | D:3      | Paralysed by Grinder for 4 turns
  1664 | D:3      | Paralysed by Grinder for 4 turns
  1680 | D:3      | Paralysed by Grinder for 6 turns
  1685 | D:3      | Slain by Grinder

Skill      XL: |  1  2  3  4  5 |
---------------+----------------+-----
Fighting       | 4 |  4.6
Axes           | 3 |  3.4
Armour         | 4 |  4.1
Shields        | 4 |  4.5
Dodging        | 1 |  1.0
Stealth        | |  0.1

Action                   |  1- 3 |  4- 6 || total
-------------------------+-------+-------++-------
Melee: War axe           |    76 |    84 ||   160
  Use: Scroll            |     6 |     7 ||    13
       Potion            |       |     1 ||     1
  Eat: Meat ration       |       |     1 ||     1
Armor: Scale mail        |    50 |    11 ||    61
       Plate armour      |       |    51 ||    51
Dodge: Dodged            |    28 |    16 ||    44
Block: Shield            |    50 |    50 ||   100
